 Seeded DCSS version 0.28.0-1-gb440e238dd (webtiles) character file.

Game seed: 10844669733645250963 (custom seed)

25 hikkokomori the Shield-Bearer (level 3, -2/30 HPs)
             Began as a Formicid Fighter on Feb 25, 2022.
             Slain by an adder (3 damage)
             ... on level 2 of the Dungeon.
             The game lasted 00:01:01 (517 turns).

hikkokomori the Shield-Bearer (Formicid Fighter)     Turns: 517, Time: 00:01:01

Health: -2/30      AC:  6    Str: 20    XL:     3   Next: 17%
Magic:  3/3        EV:  9    Int:  7    God:
Gold:   11         SH:  4    Dex: 12    Spells: 2/2 levels left

rFire   . . .      SeeInvis +   a - +0 war axe
rCold   . . .      Faith    .   c - +0 buckler
rNeg    . . .      Spirit   .   b - +0 scale mail
rPois   .          Reflect  .   (helmet unavailable)
rElec   .          Harm     .   (no cloak)
rCorr   .          Rampage  .   (no gloves)
Will    .....                   (no boots)
Stlth   ..........              (no amulet)
HPRegen 0.10/turn               (no ring)
MPRegen 0.08/turn               (no ring)

@: lethally poisoned (-2 -> -7)
A: permanent stasis, dig shafts and tunnels, antennae 3, four strong arms
a: Dig, Shaft Self


You were on level 2 of the Dungeon.
You visited 1 branch of the dungeon, and saw 2 of its levels.

You collected 11 gold pieces.

Inventory:

Hand Weapons
 a - a +0 war axe (weapon)
 h - the +9 heavy crossbow "Sniper" {vorpal, Acc+∞ SInv}
   (You found it on level 2 of the Dungeon)

   Any ammunition fired from it inflicts extra damage upon your enemies.
   Any ammunition fired from it never misses its target.
   SInv:      It lets you see invisible.
Armour
 b - a +0 scale mail (worn)
 c - a +0 buckler (worn)
Jewellery
 f - a ring of willpower
Scrolls
 e - 6 scrolls of identify {unknown}
 g - a scroll of enchant weapon {unknown}
 i - a scroll of summoning {unknown}
Potions
 d - a potion of might


   Skills:
 + Level 3.7 Fighting
 + Level 2.5 Axes
 - Level 3.5 Armour
 - Level 3.8 Shields


You had 2 spell levels left.
You didn't know any spells.
Your spell library was empty.

Dungeon Overview and Level Annotations

Branches:
Dungeon (1/15)

Altars:

Annotations:
D:2 Robin


Innate Abilities, Weirdness & Mutations

You cannot be hasted, slowed, berserked, paralysed or teleported.
You can dig through walls and to a lower floor.
You have a pair of large antennae on your head. (SInv)
Your four strong arms can wield two-handed weapons with a shield.


Message History

Unknown command.
You slash the goblin!
You kill the goblin!
You barely miss the goblin. The goblin hits you but does no damage.
Robin laughs in a distinctly smug fashion.
Robin throws the goblin at you!
Unknown command.
You slash the goblin!
You kill the goblin!
You closely miss the goblin. The goblin barely misses you.
Unknown command.
You closely miss the goblin. The goblin hits you with a +0 dagger.
Robin throws the goblin at you! The goblin hits you with a +0 dagger.
* * * LOW HITPOINT WARNING * * *
You block the goblin's attack.
Unknown command.
You closely miss the goblin. You slash the goblin!
You kill the goblin!
Robin roars a battlecry!
The goblins go into a battle-frenzy!
The goblin hits you but does no damage. The adder bites you but does no damage.
Unknown command.
You closely miss the goblin. You barely miss the adder.
The adder barely misses you. The goblin hits you with a +0 dagger.
* * * LOW HITPOINT WARNING * * *
The adder bites you but does no damage. You block the goblin's attack.
Unknown command.
Unknown command.
You barely miss the goblin. You hit the adder. The adder bites you.
* * * LOW HITPOINT WARNING * * *
You are lethally poisoned!
The adder poisons you! The goblin hits you but does no damage.
Unknown command.
You slash the goblin!
You kill the goblin!
You closely miss the adder.
* * * LOW HITPOINT WARNING * * *
You feel very sick. The adder bites you.
You die...

#.....†....# { #.....####.#
##'#######.## #####+### ####.#
#......# #.......#
.....###......# .+.......#
####...'......##.#.......#
#.###.........#.......# ..
####.#.........###g......####.g..
........†......)@Sg......).)gg>..
####...........###g......####g...
######.#......######'##### { ..
........................#
######......########.##.#
######.# #.# .# #.# #.# # #.# #.#
#.# #.#


You could see Robin, an adder and 2 goblins.

Vanquished Creatures
  2 bats (D:1)
  2 endoplasms
  A giant cockroach (D:1)
  9 goblins
  2 hobgoblins (D:2)
  A quokka (D:1)
  3 ball pythons
  A kobold (D:1)
  2 rats
23 creatures vanquished.

Notes
Turn   | Place    | Note
-------+----------+-------------------------------------------
     0 | D:1      | hikkokomori the Formicid Fighter began the quest for the
                  | Orb.
     0 | D:1      | Reached XP level 1. HP: 18/18 MP: 1/1
   142 | D:1      | Reached XP level 2. HP: 23/24 MP: 2/2
   321 | D:1      | You fall into a shaft and drop 1 floor!
   398 | D:2      | Found the +9 heavy crossbow "Sniper" {vorpal, Acc+∞ SInv}
   482 | D:2      | Noticed Robin
   507 | D:2      | Reached XP level 3. HP: 14/30 MP: 3/3
   517 | D:2      | HP: 1/30 [poisoned by an adder]
   517 | D:2      | Slain by an adder

Illustrated notes

Levels and vault maps discovered:
D:1:      dpeg_arrival_arbitrary_c, layout_basic,
          dreamdust_ecumenical_altar_grove
D:2:      layout_basic, uniq_robin

Action                   || total
-------------------------++-------
Melee: War axe           ||    45
Armor: Scale mail        ||    22
Dodge: Dodged            ||    24
Block: Buckler           ||     9
